 Dungeon Crawl Stone Soup version 0.31-b1-22-gc680215f68 (webtiles) character file.

Game seed: 12719595236640526410

98 Buffagor the Slasher (level 4, 0/41 (42) HPs)
             Began as a Naga Fighter on Jan 19, 2024.
             Slain by Crazy Yiuf
             ... wielding a +3 quarterstaff of chaos
              (4 damage)
             ... on level 2 of the Dungeon.
             The game lasted 00:04:42 (1368 turns).

Buffagor the Slasher (Naga Fighter)                 Turns: 1368, Time: 00:04:42

HP:   0/41 (42)     AC: 10    Str: 25    XL:     4   Next: 71%
MP:   4/4           EV:  6    Int:  8    God:
Gold: 6             SH:  4    Dex: 12    Spells: 3/3 levels left

rFire   + . .        p - +2 dagger (drain)
rCold   + . .        c - +0 buckler
rNeg    . . .        f - +0 chain mail
rPois   +            (no helmet)
rElec   +            s - +2 cloak "Sanoita" {rCorr}
rCorr   +            i - +0 pair of gloves
SInv    +            (no barding)
Will    .....        (no amulet) Stlth
                     b - +6 ring of strength
HPRegen 0.26/turn    (no ring)
MPRegen 0.09/turn

%: no passive effects
@: lethally poisoned (0 -> -12), resistant, lightly drained, very slow
A: AC +1, large, see invisible, deformed body, poison resistance, slowness 2,
spit poison 1, naga tail 1
a: Spit Poison


You were on level 2 of the Dungeon.
You visited 1 branch of the dungeon, and saw 2 of its levels.

You collected 6 gold pieces.

Inventory:

Hand Weapons
 a - a +0 long sword
 p - a +2 dagger of draining (weapon)
Missiles
 o - 18 stones
 r - 4 poisoned darts
Armour
 c - a +0 buckler (worn)
 f - a +0 chain mail (worn)
 i - a +0 pair of gloves (worn)
 s - the +2 cloak "Sanoita" (worn) {rCorr}
   (You found it on level 2 of the Dungeon)

   rCorr:     It protects you from acid and corrosion.
Jewellery
 b - a +6 ring of strength (left hand)
Scrolls
 e - a scroll of teleportation {unknown}
 g - 2 scrolls of immolation {unknown}
 h - a scroll of enchant armour {unknown}
 k - a scroll of noise {unknown}
 l - a scroll of identify {unknown}
 q - a scroll of enchant weapon {unknown}
Potions
 d - a potion of might
 j - 3 potions of mutation {unknown}
 m - a potion of heal wounds {unknown}
 n - a potion of berserk rage {unknown}


   Skills:
 - Level 3.0 Fighting
 + Level 4.7 Long Blades
 - Level 2.4 Armour
 - Level 2.6 Shields


You had 3 spell levels left.
You didn't know any spells.
Your spell library contained the following spells:

 Spells                   Type           Power      Damage    Failure   Level
 Sting                    Conj/Alch      0%         1d3       96%         1
 Mercury Vapours          Alch/Air       0%         N/A       99%         2
 Olgreb's Toxic Radiance  Alch           0%         N/A       100%        4


Dungeon Overview and Level Annotations

Branches:
Dungeon (2/15)

Altars:

Annotations:
D:2 Crazy Yiuf


Innate Abilities, Weirdness & Mutations

Your serpentine skin is tough. (AC +1)
You have supernaturally acute eyesight. (SInv)
Armour fits poorly on your strangely shaped body.
Your system is resistant to poisons. (rPois)
You cover ground very slowly.
You can spit poison.
You have a snake-like lower body.


Message History

Natasha stares at you and mumbles some strange words.
You resist with some effort.
Unknown command.
You hit Natasha. You drain Natasha.
You kill Natasha!
Natasha growls in agony!
The cerulean imp disappears in a puff of smoke!
Found a hammer.
Found a runed translucent door.
Crazy Yiuf cries, "You leg down broken song, no?"
You open the door. You hit Crazy Yiuf but do no damage.
You closely miss Crazy Yiuf. You block Crazy Yiuf's attack.
You hit Crazy Yiuf.
Crazy Yiuf is lightly wounded.
Crazy Yiuf says, "Walk shrimp turtle!"
Crazy Yiuf hits you with a +3 quarterstaff of chaos!
You hit Crazy Yiuf but do no damage.
Crazy Yiuf is lightly wounded.
Crazy Yiuf barely misses you.
You hit Crazy Yiuf but do no damage. You drain Crazy Yiuf.
Crazy Yiuf is moderately wounded.
Crazy Yiuf hits you with a +3 quarterstaff of chaos.
You feel protected.
You barely miss Crazy Yiuf.
Crazy Yiuf is moderately wounded.
Crazy Yiuf hits you with a +3 quarterstaff of chaos!
You are lethally poisoned!
You hit Crazy Yiuf but do no damage. You drain Crazy Yiuf.
Crazy Yiuf is moderately wounded.
You feel very sick.
Crazy Yiuf hits you with a +3 quarterstaff of chaos.
* * * LOW HITPOINT WARNING * * *
You feel drained.
* * * LOW HITPOINT WARNING * * *
You hit Crazy Yiuf but do no damage.
Crazy Yiuf is moderately wounded.
* * * LOW HITPOINT WARNING * * *
You feel very sick.
Crazy Yiuf hits you with a +3 quarterstaff of chaos.
You die...

####♣♣ ### ##.#..♣♣ ♣♣#..)#
#......♣♣♣♣@g...# ########
#.......♣..♣#...# #......#
#..#...♣.♣♣♣ ### #....>.#
##.##♣♣♣♣♣ #......## #.#
#.......# #.##
#######........
#..##########......).......
##.......................#.
##################........


You could see Crazy Yiuf (very drained).

Vanquished Creatures
  Natasha (twice) (D:2)
  An adder (D:2)
  A dart slug (D:1)
  A bat (D:1)
  5 endoplasms
  4 giant cockroaches
  3 goblins
  9 jackals
  A quokka (D:2)
  A ball python (D:1)
  3 frilled lizards
  3 rats (D:2)
34 creatures vanquished.

Notes
Turn   | Place    | Note
-------+----------+-------------------------------------------
     0 | D:1      | Buffagor the Naga Fighter began the quest for the Orb.
     0 | D:1      | Reached XP level 1. HP: 21/21 MP: 1/1
     6 | D:1      | Noticed an iguana
     6 | D:1      | Noticed a brain worm
     6 | D:1      | Noticed a hog
     7 | D:1      | Noticed a polar bear
     7 | D:1      | Noticed a black mamba
   265 | D:1      | Reached XP level 2. HP: 25/28 MP: 2/2
   505 | D:1      | Reached skill level 3 in Long Blades
   894 | D:2      | Reached XP level 3. HP: 34/34 MP: 3/3
  1044 | D:2      | Noticed Natasha
  1049 | D:2      | Killed Natasha
  1050 | D:2      | Reached skill level 4 in Long Blades
  1050 | D:2      | Reached XP level 4. HP: 31/42 MP: 4/4
  1272 | D:2      | Identified the +2 cloak "Sanoita" {rCorr}
  1336 | D:2      | Noticed Natasha
  1343 | D:2      | Killed Natasha
  1356 | D:2      | Found a runed translucent door.
  1357 | D:2      | Noticed Crazy Yiuf
  1368 | D:2      | Slain by Crazy Yiuf

Illustrated notes

Levels and vault maps discovered:
D:1:      onia_arrival_zoo_common, layout_loops_ring
D:2:      layout_rooms, uniq_crazy_yiuf_cottage, uniq_natasha

Skill      XL: |  1  2  3 |
---------------+----------+-----
Long Blades    | 3 4 |  4.7
Fighting       | |  3.0
Armour         | |  2.4
Shields        | |  2.6

Action                     |  1- 3 |  4- 6 || total
---------------------------+-------+-------++-------
  Melee: Long sword        |    42 |       ||    42
         Dagger            |    20 |    15 ||    35
Ability: Spit Poison       |    14 |     5 ||    19
 Armour: Scale mail        |     3 |       ||     3
         Chain mail        |    51 |     8 ||    59
  Dodge: Dodged            |    19 |     2 ||    21
  Block: Buckler           |    12 |     2 ||    14
